cohdb
Replays
Latest Replays
All Replays
Popular Replays
Top Player Replays
Match Explorer
How It Works
Community
CoH3 Stats
Reddit
Sign in to upload your games and track your stats! →
Sign in with Steam
Match 37406970
Unlisted
Match 37406970
Overview
Messages
Build Orders
End
Panzergrenadier Squad
250 Light Carrier
Construct Light Support Kompanie
Panzerpioneer Squad
250 Light Carrier
Assault Grenadier Squad
Combat Half-tracks
Panzerjäger Mechanized Group
Fire Support Elements
Construct Panzerarmee Kommand
Walking Stuka Rocket Launcher
Selects Italian Infantry
Selects Guastatori Squad
Guastatori Squad
Selects L6/40 Light Tank Combat Group
Selects Towed Cannone da 105/28 Field Howitzer
Panzer III L Medium Tank
Mr Gizard The Lizard Wizard
Gsacie
sadwave
皮皮
MassikTm
Michael VIII Palaiologos
zxcv
实践
0
0
Comments
sign in to comment!
No comments posted yet!